 Dungeon Crawl Stone Soup version 0.18.1-50-g88ac8fd (webtiles) character file.

57 KarmaPolice the Sneak (level 4, -12/21 HPs)
             Began as a Vine Stalker Enchanter on Sept 24, 2016.
             Blown up by an orc (14 damage)
             ... with a wand of disintegration
             ... on level 3 of the Dungeon.
             The game lasted 00:05:13 (1668 turns).

KarmaPolice the Sneak (Vine Stalker Enchanter)      Turns: 1668, Time: 00:05:13

Health: -12/21     AC:  4    Str: 10    XL:     4   Next: 0%
Magic:  0/9        EV: 12    Int: 15    God:
Gold:   100        SH:  0    Dex: 16    Spells: 3 memorised, 3 levels left

rFire  . . .     SeeInvis .     a - +1 dagger
rCold  . . .     Gourm    .     b - +1 robe
rNeg   . . .     Faith    .     (no shield)
rPois  .         Spirit   +     (no helmet)
rElec  .         Dismiss  .     f - +0 cloak
rCorr  .         Reflect  .     (no gloves)
SustAt .         Harm     .     (no boots)
MR     .....                    (no amulet)
Stlth  +++.......               (no ring)
                                (no ring)

@: not resistant to hostile enchantments, fairly stealthy
A: fangs 2, regeneration 1, magic shield, antimagic bite, no device heal 3, rot
immunity
a: no special abilities


You were on level 3 of the Dungeon.
You were not hungry.

You visited 1 branch of the dungeon, and saw 3 of its levels.

You collected 100 gold pieces.

Inventory:

Hand Weapons
 a - a +1 dagger (weapon)
Armour
 b - a +1 robe (worn)
 f - a +0 cloak (worn)
 l - a +1 robe of resistance
Scrolls
 e - 3 scrolls of fear {unknown}
 i - a scroll of immolation {unknown}
 m - 2 scrolls of magic mapping {unknown}
 n - a scroll of enchant armour {unknown}
 o - 2 scrolls of identify {unknown}
 q - a scroll of noise {unknown}
 r - 2 scrolls of enchant weapon {unknown}
Potions
 g - a potion of flight {unknown}
 h - a potion of cure mutation {unknown}
 k - a potion of resistance {unknown}
 p - 3 potions of heal wounds {unknown}
 v - a potion of haste {unknown}
 w - a potion of lignification {unknown}
Books
 c - a book of Maledictions

   Spells                             Type                      Level
   a - Corona                         Hexes                        1
   b - Ensorcelled Hibernation        Hexes/Ice                    2
   c - Confuse                        Hexes                        3
   d - Tukima's Dance                 Hexes                        3
   e - Dazzling Spray                 Conjuration/Hexes            3
Comestibles
 d - 3 bread rations
 j - 3 meat rations
 s - a beef jerky
 t - 7 chunks of flesh
 u - a slice of pizza


   Skills:
 + Level 1.5 Short Blades
 - Level 1.5 Dodging
 + Level 4.2 Stealth
 + Level 3.0 Spellcasting
 + Level 3.5 Hexes


You had 3 spell levels left.
You knew the following spells:

 Your Spells              Type           Power        Failure   Level  Hunger
a - Corona                Hex            ##.....      6%          1    #......
b - Ensorcelled Hibernat  Hex/Ice        #.....       14%         2    ##.....
c - Confuse               Hex            ##......     17%         3    ###....


Dungeon Overview and Level Annotations

Branches:
Dungeon (3/15)

Altars:


Innate Abilities, Weirdness & Mutations

You have extremely sharp teeth.
Your natural rate of healing is unusually fast.
When hurt, damage is shared between your health and your magic reserves.
Your bite disrupts and absorbs the magic of your enemies.
Potions and wands cannot restore your health.
You are immune to rotting.


Message History

Casting: Ensorcelled Hibernation
Confirm with . or Enter, or press ? or * to list all spells.
Aiming: Ensorcelled Hibernation
Press: ? - help, Shift-Dir - straight line, f - orc
Aim: an orc, wielding a dagger (moderately wounded, chance to defeat MR: 78%)
The orc resists with significant effort.
The orc zaps a wand.
You are blasted!
It is a wand of disintegration.
You hit the orc. Your bite misses the orc.
The orc is heavily wounded.
The orc hits you with a dagger.
The orc zaps a wand.
You struggle to resist.
The orc zaps a wand.
You are blasted!
Ouch! That really hurt!
* * * LOW HITPOINT WARNING * * *
The orc zaps a wand.
You struggle to resist.
The orc zaps a wand.
You struggle to resist.
You see here a robe.
The orc zaps a wand.
You are blasted!
Ouch! That really hurt!
You die...

#.#.#.#.#)#..# #...# #.#
.#.#.#.#.#.#.###.#.###.#
#.#.#.#.#.#.o.........>#
.#.#.#.#.#.###o#o#####.#
#r#.#.#.#.#.##.#.# ###.#####
.#.#.#.#.#.###.#.#...#.....#
#.#.#.#.#.#.##.#.#.# #####.#
.#.#.#.#.#.###.[...# #.#
#.#.#.#.#l...###@### #.#
#########.... #.....# #.#
####### #.# #<# ####.# #.#
#....# #.#####.####
#.......# #########


You could see an orc.

Vanquished Creatures
  An adder (D:2)
  A dart slug (D:1)
  A giant gecko (D:1)
  An orc (D:3)
  A ball python (D:3)
  6 bats
  5 goblins (D:1)
  8 hobgoblins
  5 jackals (D:1)
  3 kobolds
  4 giant newts
  3 rats
39 creatures vanquished.

Notes
Turn   | Place    | Note
--------------------------------------------------------------
     0 | D:1      | KarmaPolice the Vine Stalker Enchanter began the quest for the Orb.
     0 | D:1      | Reached XP level 1. HP: 9/9 MP: 4/4
    55 | D:1      | Reached skill level 1 in Short Blades
   204 | D:1      | Reached XP level 2. HP: 11/13 MP: 4/6
   217 | D:1      | Learned a level 2 spell: Ensorcelled Hibernation
   663 | D:1      | Reached XP level 3. HP: 16/16 MP: 5/8
   674 | D:1      | Learned a level 3 spell: Confuse
   700 | D:1      | Reached skill level 4 in Stealth
  1608 | D:3      | Reached XP level 4. HP: 21/21 MP: 2/9
  1668 | D:3      | Blown up by an orc

Skill      XL: |  1  2  3 |
---------------+----------+-----
Short Blades   | 1 |  1.5
Stealth        | 4 |  4.2
Spellcasting   | 3 |  3.0
Dodging        | |  1.5
Hexes          | |  3.5

Action                   |  1- 3 |  4- 6 || total
-------------------------+-------+-------++-------
Melee: Dagger            |   109 |     2 ||   111
       Bite              |    16 |       ||    16
 Cast: Ensorcelled Hiber |    13 |     1 ||    14
 Stab: Sleeping          |    21 |       ||    21
  Eat: Chunk             |     3 |       ||     3
Armor: Robe              |    48 |       ||    48
Dodge: Dodged            |    98 |       ||    98
